cohdb
Replays
Latest Replays
All Replays
Popular Replays
Top Player Replays
Match Explorer
How It Works
Community
CoH3 Stats
Reddit
Sign in to upload your games and track your stats! →
Sign in with Steam
Match 43847816
Unlisted
Match 43847816
Overview
Messages
Build Orders
End
Panzergrenadier Squad
Selects Armored Support Battlegroup
250 Light Carrier
Panzergrenadier Squad
Construct Light Support Kompanie
Panzerpioneer Squad
Fire Support Elements
Selects Veteran Gunners
Panzerjäger Mechanized Group
Veteran Squad Leaders
Flakvierling Half-track
Selects Flammpanzer III Medium Tank
Flammpanzer III Medium Tank
2.5-tonne Medical Truck
Selects Salvage Kits
Pak 38 Mechanized Group
Construct Panzerarmee Kommand
Grongolock
Methox
K2-Übung 12
GOKI Ritter69
0
0
Comments
sign in to comment!
No comments posted yet!